[Event "*** Titled Tuesday Blitz"]
[Site "Chess.com"]
[Date "2020.05.26"]
[Round "6"]
[White "tgpgoat"]
[Black "mr65"]
[Result "1-0"]
[WhiteElo "2069"]
[BlackElo "2168"]
[TimeControl "180+1"]
[EndTime "11:06:11 PDT"]
[Termination "tgpgoat won by resignation"]

1. e4 e5 2. Nf3 Nc6 3. Bc4 Nf6 4. d4 exd4 5. e5 d5 6. Bb5 Ne4 7. Nxd4 Bc5 8. Be3 Bd7 9. Bxc6 bxc6 10. O-O O-O 11.
f3 Ng5 12. f4 Ne4 13. Nd2 Nxd2 14. Qxd2 Bb6 15. c3 Qe7 16. Rae1 f6 17. Bf2 fxe5 18. fxe5 Rae8 19. Kh1 c5 20. Nc2 Qe6 21. Bg3 Bb5 22. Rxf8+ Rxf8 23. b3 Be8 24. h3 c6 25. Kh2 Bg6 26. Ne3 Bc7 27. Ng4 Bh5 28. Nf2 h6 29. Nd3 Bg6 30. Nxc5 Qe7 31. Nd3 Bxd3 32.
Qxd3 Qe6 33. c4 h5 34. cxd5 cxd5 35. Qe2 Rf5 36. h4 Qg6 37. Qe3 Qe6 38. Qxa7 Bxe5 39. Bxe5 Rxe5 40. Qb8+ 1-0

[Event "*** Titled Tuesday Blitz"]
[Site "Chess.com"]
[Date "2020.05.26"]
[Round "6"]
[White "Tayson_7"]
[Black "Zhuu96"]
[Result "1-0"]
[WhiteElo "2644"]
[BlackElo "2835"]
[TimeControl "180+1"]
[EndTime "11:06:12 PDT"]
[Termination "Tayson_7 won by checkmate"]

1. e4 c5 2. Nc3 Nc6 3. Nge2 a6 4. g3 b5 5. Bg2 Bb7 6. d4 cxd4 7. Nxd4 e6 8. O-O Bc5 9. Be3 Qb6 10. Nce2 Nf6 11. c3 Qa7 12. h3 O-O 13. b4 Bb6 14. a4 Nxd4 15. Nxd4 Bxe4 16. axb5 Bxg2 17. Kxg2 Bxd4 18. Bxd4 Qb7+ 19. Kg1 Qxb5 20. Ra5 Qb8 21. Bxf6 gxf6 22. Rh5 f5 23. Qd4 d5 24. Rg5# 1-0

[Event "*** Titled Tuesday Blitz"]
[Site "Chess.com"]
[Date "2020.05.26"]
[Round "6"]
[White "MMKZH22"]
[Black "Larina_Marija"]
[Result "0-1"]
[WhiteElo "2283"]
[BlackElo "2147"]
[TimeControl "180+1"]
[EndTime "11:06:15 PDT"]
[Termination "Larina_Marija won by checkmate"]

1. Nf3 f5 2. d4 Nf6 3. c4 g6 4. Nc3 Bg7 5. g3 d6 6. Bg2 O-O 7. O-O Nc6 8. d5 Na5 9. Qd3 e5 10. dxe6 Bxe6 11. b3 Nc6 12. Bb2 Kh8 13. Nd4 Nxd4 14. Qxd4 Ne4 15. Qd3 Nc5 16. Qd2 a5 17. Nd5 Qd7 18. Bxg7+ Qxg7 19. Nf4 Bg8 20. Rab1 Rae8 21. Nd3 Ne4 22. Qxa5 Nc3 23. Rb2 b6 24. Qb4 Nxe2+ 25. Kh1 f4 26. Qd2 f3 27. Bh3 g5 28. Bd7 Qxd7 29. Ne1 Qh3 30. Qxg5 Qxf1# 0-1

[Event "*** Titled Tuesday Blitz"]
[Site "Chess.com"]
[Date "2020.05.26"]
[Round "6"]
[White "Machidon"]
[Black "Anton_Demchenko"]
[Result "0-1"]
[WhiteElo "2509"]
[BlackElo "2832"]
[TimeControl "180+1"]
[EndTime "11:06:17 PDT"]
[Termination "Anton_Demchenko won by resignation"]

1. d4 Nf6 2. Nf3 d6 3. c4 Nc6 4. Nc3 e5 5. dxe5 dxe5 6. Qxd8+ Kxd8 7. Bg5 Be6 8. O-O-O+ Kc8 9. e3 Nd7 10. Bh4 f6 11. Be2 a5 12. Nd5 a4 13. Rd2 Nc5 14.
Rhd1 b6 15. Nc3 Be7 16. Ne1 Na5 17. Nd5 Bd8 18. Nd3 Ncb7 19. N3b4 c6 20. Nc3 Be7 21.
a3 Nb3+ 22. Kc2 Bxb4 23. axb4 Nxd2 24. Rxd2 a3 0-1

[Event "*** Titled Tuesday Blitz"]
[Site "Chess.com"]
[Date "2020.05.26"]
[Round "6"]
[White "Carnivoras"]
[Black "eljanov"]
[Result "1-0"]
[WhiteElo "2629"]
[BlackElo "2853"]
[TimeControl "180+1"]
[EndTime "11:06:18 PDT"]
[Termination "Carnivoras won by resignation"]

1. d4 Nf6 2. Nf3 e6 3. Bg5 b6 4.
e4 h6 5. Bxf6 Qxf6 6. Nbd2 Bb7 7. Bd3 d6 8. O-O Nd7 9. Qe2 a6 10.
a4 g6 11. c3 Bg7 12. h3 O-O 13.
Rfe1 Qe7 14. Nc4 e5 15. d5 f5 16. b4 Nf6 17. Nh4 fxe4 18. Nxg6 Qf7 19. Bxe4 Nxe4 20.
Qxe4 Qxf2+ 21. Kh1 Rf7 22. Ne3 Qg3 23. Rf1 Qg5 24.
Rxf7 Kxf7 25. Rf1+ Kg8 26. Nf5 Re8 27. h4 Qf6 28.
Nxh6+ 1-0

[Event "*** Titled Tuesday Blitz"]
[Site "Chess.com"]
[Date "2020.05.26"]
[Round "6"]
[White "Echecmat"]
[Black "Ural_bogatyr"]
[Result "0-1"]
[WhiteElo "2142"]
[BlackElo "2322"]
[TimeControl "180+1"]
[EndTime "11:06:18 PDT"]
[Termination "Ural_bogatyr won by resignation"]

1. d4 Nf6 2. c4 e5 3. dxe5 Ng4 4. Nf3 Bc5 5. e3 Nc6 6. b3 Ngxe5 7. Bb2 Nxf3+ 8.
Qxf3 O-O 9. Qg3 f6 10. Nd2 a5 11. Bd3 d6 12. Qh4 g6 13. Ne4 Bb4+ 14. Kf1 Ne5 15. Bc2 a4 16. f4 Nd7 17. g4 axb3 18.
axb3 Rxa1+ 19. Bxa1 Qe7 20. Ke2 b6 21. g5 f5 22.
Nf6+ Nxf6 23. Bxf6 Qf7 24. Qh6 Be6 25. h4 d5 26. h5 dxc4 27. hxg6 Qxg6 28. Qxg6+ hxg6 29. Rh8+ Kf7 30. Rh7+ Ke8 31. Re7+ Bxe7 32. Bxe7 Kxe7 33. bxc4 Bxc4+ 34. Kf2 Ra8 0-1

[Event "*** Titled Tuesday Blitz"]
[Site "Chess.com"]
[Date "2020.05.26"]
[Round "6"]
[White "Denis_Palkovich"]
[Black "wnstop"]
[Result "0-1"]
[WhiteElo "2313"]
[BlackElo "2565"]
[TimeControl "180+1"]
[EndTime "11:06:19 PDT"]
[Termination "wnstop won on time"]

1. d4 Nf6 2. Bf4 g6 3. e3 Bg7 4. Nf3 d6 5. h3 c5 6. Be2 Qb6 7. Qc1 O-O 8. c3 Nc6 9. O-O Bf5 10. Nbd2 Rfc8 11. Nc4 Qd8 12. Qd1 b5 13. Ncd2 b4 14.
Ba6 Rcb8 15. dxc5 Qa5 16. Qe2 Qxc5 17. Nb3 Qb6 18. Nfd4 bxc3 19. bxc3 Nd5 20. Nxf5 gxf5 21. Rac1 Nxc3 22. Rxc3 Bxc3 23. Bd3 e6 24. Qh5 Bg7 25. g4 Ne5 26. Bxe5 dxe5 27. gxf5 exf5 28. Qxf5 Qg6+ 29. Kh2 Qxf5 30. Bxf5 a5 31. Be4 Ra7 32. Rd1 h6 33. Rd5 a4 34. Nc5 Ra5 0-1

[Event "*** Titled Tuesday Blitz"]
[Site "Chess.com"]
[Date "2020.05.26"]
[Round "6"]
[White "Jadeit90"]
[Black "robertofabregas"]
[Result "1/2-1/2"]
[WhiteElo "2311"]
[BlackElo "2118"]
[TimeControl "180+1"]
[EndTime "11:06:19 PDT"]
[Termination "Game drawn by agreement"]

1. g3 d5 2. Bg2 c6 3. c4 e6 4. cxd5 exd5 5. Nf3 Nf6 6. O-O Bc5 7. d3 O-O 8. Nc3 Bg4 9. e4 dxe4 10. dxe4 Nbd7 11.
Qc2 Qc7 12. Bf4 Bd6 13. Nb5 cxb5 14. Qxc7 Bxc7 15. Bxc7 Nxe4 16. h3 Bxf3 17. Bxf3 Nd2 18. Bxb7 Nxf1 19. Bxa8 Rxa8 20. Kxf1 Rc8 21. Bf4 Kf8 22.
Rd1 Nb6 23. Rd2 f6 24. b3 Ke7 25. Be3 Rb8 26. Ke2 Rb7 27. Kf3 Ke6 28. g4 Nd5 29. Bd4 b4 30. Re2+ Kf7 31. Rc2 a5 32. Rc5 Nc3 33.
Bxc3 bxc3 34. Rxc3 a4 35. Rc2 axb3 36. Rb2 Ke6 37.
axb3 Kd5 38. Kf4 g6 39. g5 Rb4+ 40. Kf3 fxg5 41. Rd2+ Ke6 42. Rb2 Kd5 43. Ke3 Rh4 44. f3 Rxh3 45. Rb1 Rh4 46. b4 Kc6 1/2-1/2

[Event "*** Titled Tuesday Blitz"]
[Site "Chess.com"]
[Date "2020.05.26"]
[Round "6"]
[White "AlexZambrano"]
[Black "poummba"]
[Result "0-1"]
[WhiteElo "2284"]
[BlackElo "2476"]
[TimeControl "180+1"]
[EndTime "11:06:21 PDT"]
[Termination "poummba won by resignation"]

1. Nf3 g6 2. g3 Bg7 3. Bg2 d6 4.
d4 Nc6 5. O-O Nf6 6. c4 O-O 7.
Nc3 Bf5 8. Re1 Ne4 9. Nxe4 Bxe4 10. Be3 e6 11. Rc1 d5 12. c5 a5 13. Bg5 Qc8 14. Qa4 Bxf3 15. Bxf3 Nxd4 16. Bg2 h6 17. Bd2 Nc6 18.
b3 Nd8 19. Qh4 g5 20. Qh5 Nc6 21. h4 f6 22. e4 d4 23. hxg5 fxg5 24. e5 Nxe5 25.
Be4 Qe8 26. Qh1 c6 27. Re2 0-1

[Event "*** Titled Tuesday Blitz"]
[Site "Chess.com"]
[Date "2020.05.26"]
[Round "6"]
[White "Klaus1995"]
[Black "tan275"]
[Result "1-0"]
[WhiteElo "1830"]
[BlackElo "2180"]
[TimeControl "180+1"]
[EndTime "11:06:22 PDT"]
[Termination "Klaus1995 won by resignation"]

1. e4 c5 2. Nf3 Nc6 3. d4 cxd4 4. Nxd4 g6 5. c4 Bg7 6. Be3 Nf6 7. Nc3 O-O 8. Be2 d6 9. O-O Bd7 10. Rc1 Nxd4 11.
Bxd4 Bc6 12. Bd3 a5 13. a4 Nd7 14. Bxg7 Kxg7 15. Nd5 Nc5 16. Bc2 Bxd5 17. exd5 Qb6 18. Qd4+ f6 19. Rce1 Rfe8 20. Qc3 Qb4 21. Qxb4 axb4 22.
b3 Kf7 23. Re3 e5 24. dxe6+ Rxe6 25. Rxe6 Kxe6 26. Re1+ Kd7 27. f4 Re8 28. Rxe8 Kxe8 29. Kf2 Ke7 30. h4 f5 31. h5 Ke6 32. hxg6 hxg6 33.
Ke3 d5 34. Kd4 b6 35. cxd5+ Kd6 36. Kc4 Nd7 37. Bd1 Nc5 38. Bf3 Nd7 39. Kxb4 Nf6 40. Kb5 Nd7 41. b4 1-0

[Event "*** Titled Tuesday Blitz"]
[Site "Chess.com"]
[Date "2020.05.26"]
[Round "6"]
[White "Escanor89"]
[Black "JLRHei"]
[Result "1-0"]
[WhiteElo "2566"]
[BlackElo "2336"]
[TimeControl "180+1"]
[EndTime "11:06:23 PDT"]
[Termination "Escanor89 won by checkmate"]

1. c4 Nf6 2. Nc3 g6 3. e4 d6 4. d4 Bg7 5. Nf3 O-O 6. Be2 c5 7. O-O Bg4 8. dxc5 dxc5 9. Be3 Bxf3 10. Bxf3 Nbd7 11. Be2 Qa5 12. f4 Rfd8 13. Qc2 Nb8 14. e5 Nfd7 15. Bf3 Nc6 16. Bxc6 bxc6 17. Rad1 Rab8 18.
b3 f6 19. exf6 Nxf6 20. h3 Ng4 21. hxg4 Bxc3 22. Qe4 Qxa2 23. Rxd8+ Rxd8 24. Qxe7 Rd3 25. Bxc5 Rd2 26. Qf8# 1-0

[Event "*** Titled Tuesday Blitz"]
[Site "Chess.com"]
[Date "2020.05.26"]
[Round "6"]
[White "Benjoneliere44"]
[Black "VMikhalevski"]
[Result "0-1"]
[WhiteElo "2555"]
[BlackElo "2758"]
[TimeControl "180+1"]
[EndTime "11:06:26 PDT"]
[Termination "VMikhalevski won by resignation"]

1. d4 Nf6 2. Bf4 d5 3. e3 Bg4 4. Be2 Bxe2 5. Qxe2 c6 6. Nf3 Nbd7 7. Ne5 e6 8. Nd2 Qb6 9. Nxd7 Nxd7 10. O-O Be7 11. Rab1 O-O 12. h3 a5 13. c3 a4 14. e4 Qa5 15. Rfc1 b5 16. b3 axb3 17. axb3 Nf6 18. c4 Ba3 19. Rc2 Bb4 20. Bg5 Bxd2 21. Bxf6 Bh6 22.
Be7 Rfe8 23. Bc5 bxc4 24. bxc4 e5 25. cxd5 cxd5 26. exd5 exd4 27. Qd3 Re1+ 28. Rxe1 Qxe1+ 29. Kh2 Bf4+ 30. g3 Ra1 0-1

[Event "*** Titled Tuesday Blitz"]
[Site "Chess.com"]
[Date "2020.05.26"]
[Round "6"]
[White "j2806"]
[Black "cioxminator"]
[Result "0-1"]
[WhiteElo "2006"]
[BlackElo "2409"]
[TimeControl "180+1"]
[EndTime "11:06:27 PDT"]
[Termination "cioxminator won by resignation"]

1. e4 c6 2. d4 d5 3. exd5 cxd5 4. Bd3 Nc6 5. c3 Nf6 6. Nf3 g6 7. O-O Bg7 8. Re1 O-O 9. h3 Bf5 10. Bf4 Bxd3 11. Qxd3 a6 12. Ne5 Rc8 13. Nd2 Nd7 14.
Ndf3 Ndxe5 15. Nxe5 Nxe5 16. Bxe5 Bxe5 17. dxe5 e6 18.
Rad1 Rc4 19. Qe3 Qe7 20. Rd4 Rfc8 21. Red1 R4c6 22. Qh6 Qf8 23. Qf4 b5 24. R1d3 Rc4 25. Rxc4 bxc4 26. Rd2 Rb8 27. Qd4 Qe7 28. Qe3 Kg7 29.
Qe2 Rb5 30. f4 h5 31. Kf2 Ra5 32. b3 Qh4+ 33. Kf3 cxb3 34. axb3 Ra1 35. Rd1 Ra3 36.
Qc2 g5 37. Rd4 g4+ 38. hxg4 hxg4+ 39. Ke3 Qg3+ 40. Kd2 Ra2 41. Qxa2 Qxg2+ 42. Kd3 Qxa2 0-1

[Event "*** Titled Tuesday Blitz"]
[Site "Chess.com"]
[Date "2020.05.26"]
[Round "6"]
[White "Pavel_Mir"]
[Black "MYMChessAcademy"]
[Result "0-1"]
[WhiteElo "2225"]
[BlackElo "2435"]
[TimeControl "180+1"]
[EndTime "11:06:29 PDT"]
[Termination "MYMChessAcademy won by resignation"]

1. e4 c5 2. Nf3 d6 3. d4 cxd4 4. Nxd4 a6 5. f4 e6 6. Bd3 b5 7. a4 b4 8. O-O Bb7 9. Kh1 Nd7 10. f5 e5 11. Nf3 Ngf6 12. Qe2 Nc5 13. Bg5 Be7 14.
Bxf6 Bxf6 15. Nbd2 O-O 16. Bc4 Re8 17. b3 d5 18. Bd3 Nxd3 19. cxd3 Rc8 20. Rac1 Rc3 21.
Nb1 Rxb3 22. Qa2 Rxd3 23. Ne1 dxe4 24. Nxd3 exd3 25. Qc4 a5 26. Qb5 Bd5 27. Rc5 Ba8 28. Nd2 e4 29. Nc4 e3 30. Nxe3 Rxe3 31. Rfc1 d2 32. Rf1 d1=Q 0-1

[Event "*** Titled Tuesday Blitz"]
[Site "Chess.com"]
[Date "2020.05.26"]
[Round "6"]
[White "imdarealist"]
[Black "sergeikim"]
[Result "0-1"]
[WhiteElo "2210"]
[BlackElo "2411"]
[TimeControl "180+1"]
[EndTime "11:06:29 PDT"]
[Termination "sergeikim won by resignation"]

1. d4 Nf6 2. Bf4 g6 3. e3 Bg7 4.
Nf3 O-O 5. h3 d6 6. c3 Nbd7 7. Be2 b6 8. O-O Bb7 9. a4 a5 10. Na3 Ne4 11. Bh2 e5 12. Nb5 Kh8 13.
Nd2 Nxd2 14. Qxd2 f5 15. Rfd1 Rc8 16. Na7 Rb8 17. Nb5 h6 18. b4 Nf6 19. dxe5 Ne4 20.
Qd3 Qh4 21. Rf1 dxe5 22. Nxc7 Rbd8 23. Qc2 Rd2 24. Qb3 Rxe2 25. Ne6 Nxf2 26. Nxf8 Nxh3+ 27. gxh3 Qg5+ 0-1

[Event "*** Titled Tuesday Blitz"]
[Site "Chess.com"]
[Date "2020.05.26"]
[Round "6"]
[White "2346PL"]
[Black "Enriquack"]
[Result "1-0"]
[WhiteElo "2508"]
[BlackElo "2335"]
[TimeControl "180+1"]
[EndTime "11:06:30 PDT"]
[Termination "2346PL won by resignation"]

1. d4 Nf6 2. Bg5 c5 3. d5 Ne4 4.
Bf4 g5 5. Bc1 h6 6. f3 Nf6 7. e4 d6 8. c4 Bg7 9. Nc3 e6 10. dxe6 Bxe6 11. h4 g4 12. f4 Nc6 13.
h5 Qa5 14. Bd2 Qb6 15. Rb1 O-O 16. Bd3 Rfe8 17. Nge2 Nb4 18. Bc1 d5 19. cxd5 Bxd5 20. exd5 c4 21. Bxc4 g3 22. Rf1 Rac8 23. a3 Rxc4 24.
axb4 Rd4 25. Qa4 Kf8 26. Qa5 Qxa5 27. bxa5 Nxd5 28. Nxd5 Rxd5 29. Rf3 Bf6 30. Be3 Rd3 31. Bc5+ Kg7 32. Rxd3 1-0

[Event "*** Titled Tuesday Blitz"]
[Site "Chess.com"]
[Date "2020.05.26"]
[Round "6"]
[White "MarcoRiehle"]
[Black "Misha_Bilous"]
[Result "1/2-1/2"]
[WhiteElo "2634"]
[BlackElo "2465"]
[TimeControl "180+1"]
[EndTime "11:06:31 PDT"]
[Termination "Game drawn by repetition"]

1. e4 c5 2. a3 e6 3. b4 cxb4 4. axb4 Bxb4 5. Bb2 Nf6 6. e5 Nd5 7. c4 Nc7 8. Qg4 O-O 9. Nf3 Nc6 10. h4 Ne8 11. Bd3 h6 12. Qe4 f5 13. exf6 Nxf6 14. Qf4 d5 15. Ng5 Ne4 16. Qg4 hxg5 17. hxg5 Qxg5 18. Qh3 Bxd2+ 19. Ke2 Rxf2+ 20. Kd1 Ne5 21. Bxe4 dxe4 22. Qh7+ Kf7 23. Qxe4 Qg4+ 24. Qxg4 Nxg4 25.
Nxd2 Ne3+ 26. Kc1 Rxg2 27. Re1 Nf5 28. Nf3 b6 29. Ne5+ Ke7 30. Ba3+ Kf6 31. Bb2 Ke7 32. Ba3+ Kf6 33. Bb2 Ke7 1/2-1/2

[Event "*** Titled Tuesday Blitz"]
[Site "Chess.com"]
[Date "2020.05.26"]
[Round "6"]
[White "PrinceMurad09"]
[Black "Fortitudine"]
[Result "0-1"]
[WhiteElo "2503"]
[BlackElo "2322"]
[TimeControl "180+1"]
[EndTime "11:06:31 PDT"]
[Termination "Fortitudine won by resignation"]

1. e4 c5 2. Nf3 d6 3. d4 cxd4 4.
Nxd4 Nf6 5. Nc3 Nc6 6. Be3 Ng4 7. Bb5 Nxe3 8. fxe3 Bd7 9. O-O e6 10. Bxc6 bxc6 11. Qf3 Qe7 12. e5 d5 13. b4 g6 14.
Nb3 Bg7 15. Qf4 O-O 16. Nc5 a5 17. a3 f6 18. exf6 Bxf6 19. Qc7 Bxc3 20. Qxd7 Qxd7 21. Nxd7 Bxa1 22. Nxf8 axb4 23. Rxa1 Kxf8 24. Rf1+ Ke7 25. axb4 Ra2 26. Rc1 Rb2 27. c3 Kd6 28. Rf1 Rc2 29. Rf7 h5 30. Rg7 Rxc3 31. Rxg6 Rxe3 32. Rh6 Rb3 33.
Rxh5 Rxb4 34. Rh8 c5 35. h4 c4 36. h5 c3 37. Rc8 Rc4 38. Rd8+ Ke7 39. h6 c2 40. Rg8 c1=Q+ 41. Kh2 Qxh6+ 42. Kg3 Rc3+ 43. Kf2 Qe3+ 0-1

[Event "*** Titled Tuesday Blitz"]
[Site "Chess.com"]
[Date "2020.05.26"]
[Round "6"]
[White "zubridis"]
[Black "ChronicUnhappiness"]
[Result "1-0"]
[WhiteElo "2458"]
[BlackElo "2279"]
[TimeControl "180+1"]
[EndTime "11:06:32 PDT"]
[Termination "zubridis won by resignation"]

1. e4 d6 2. d4 Nf6 3. Nc3 g6 4. f4 Bg7 5. Nf3 c5 6. Bb5+ Bd7 7. e5 Ng4 8. Bxd7+ Qxd7 9. d5 dxe5 10. h3 e4 11. Nxe4 Nf6 12. Nxf6+ Bxf6 13. O-O O-O 14. Ne5 Qd6 15. c4 Nd7 16. Ng4 Bd4+ 17. Be3 Bxe3+ 18. Nxe3 Nf6 19. f5 Qe5 20. Qf3 Qe4 21. Rae1 Qxf3 22.
Rxf3 Rfd8 23. Ng4 Nxg4 24. hxg4 Rd7 25. Rfe3 Kf8 26. a4 b6 27. Kf2 a6 28. Rh3 Kg7 29.
Rb3 Rb8 30. Kf3 h5 31. gxh5 gxf5 32. Kf4 Kf6 33. h6 e5+ 34. Rxe5 Kg6 35. Rxf5 Kxh6 36. Rg5 1-0

[Event "*** Titled Tuesday Blitz"]
[Site "Chess.com"]
[Date "2020.05.26"]
[Round "6"]
[White "vidavi"]
[Black "algatar2020"]
[Result "1-0"]
[WhiteElo "2307"]
[BlackElo "1727"]
[TimeControl "180+1"]
[EndTime "11:06:34 PDT"]
[Termination "vidavi won by resignation"]

1. e4 d6 2. Nf3 Nf6 3. Nc3 Nbd7 4. Bc4 g6 5. Bxf7+ Kxf7 6. Ng5+ Kg8 7. Ne6 Qe8 8. Nxc7 Qd8 9. Nxa8 b6 10. d4 Ba6 11. e5 Qxa8 12. f3 dxe5 13. dxe5 Nxe5 14.
Bf4 Ned7 15. Qd2 h6 16. O-O-O Kh7 17. Rhe1 Qe8 18. Kb1 Qf7 19. g4 g5 20. Be3 Bg7 21. h4 gxh4 22. g5 hxg5 23. Bxg5 Re8 24. Qf4 Kg8 25. Rg1 Nh7 26. Rxd7 Qxf4 27. Bxf4 Kf7 28. Rxa7 Bc4 29. Ne4 Bf6 30. Nd6+ Ke6 31. Nxe8 1-0

[Event "*** Titled Tuesday Blitz"]
[Site "Chess.com"]
[Date "2020.05.26"]
[Round "6"]
[White "Parhamov"]
[Black "Raja3401"]
[Result "0-1"]
[WhiteElo "3077"]
[BlackElo "2716"]
[TimeControl "180+1"]
[EndTime "11:06:36 PDT"]
[Termination "Raja3401 won by resignation"]

1. e4 c5 2. Nf3 d6 3. d4 cxd4 4. Nxd4 Nf6 5. Nc3 a6 6. h3 e6 7. g4 h6 8. Bg2 Be7 9. a4 O-O 10.
O-O Nc6 11. Nde2 Nd7 12. f4 b6 13. Ng3 Bb7 14. Be3 Rc8 15. Nce2 d5 16. exd5 Nb4 17. d6 Bxg2 18. dxe7 Qxe7 19. Kxg2 Nxc2 20. Bf2 Nxa1 21.
Qxa1 Nc5 22. Qa3 Rfd8 23. Nd4 Qb7+ 24. Kh2 Rd7 25. Be3 Rcd8 26. Nge2 Qe4 27. Ng3 Qb7 28. Qb4 Ne4 29. Nge2 Qd5 30. Rc1 h5 31. Nc6 Qd3 32. Bf2 Qxe2 33. Qe1 Qxf2+ 34. Qxf2 Nxf2 35. Nxd8 Rxd8 36.
gxh5 Ne4 37. b4 Rd2+ 38. Kg1 Rd4 39. b5 axb5 40. axb5 Rd5 41. Rc8+ Kh7 42. Rc7 Nd6 43.
Rc6 Nxb5 44. Rxb6 Rxh5 0-1

[Event "*** Titled Tuesday Blitz"]
[Site "Chess.com"]
[Date "2020.05.26"]
[Round "6"]
[White "Maybe00"]
[Black "Danfii"]
[Result "1-0"]
[WhiteElo "2808"]
[BlackElo "2429"]
[TimeControl "180+1"]
[EndTime "11:06:37 PDT"]
[Termination "Maybe00 won by resignation"]

1. d4 Nf6 2. c4 e6 3. Nf3 b6 4. g3 Ba6 5. b3 Bb4+ 6. Bd2 Be7 7. Nc3 O-O 8. Bg2 d5 9. cxd5 exd5 10. O-O Re8 11. Ne5 Bb7 12. Qc2 c5 13. dxc5 bxc5 14.
Rad1 Bf8 15. f4 Nbd7 16. Bc1 Nxe5 17. fxe5 Rxe5 18. Bf4 Re8 19. Bg5 Qb6 20. Bxf6 gxf6 21. Nxd5 Bxd5 22. Bxd5 Rad8 23. Bc4 Bh6 24. Qf5 Be3+ 25.
Kg2 Rxd1 26. Rxd1 Re5 27. Qg4+ Rg5 28. Qd7 Bd4 29. Qxf7+ 1-0

[Event "*** Titled Tuesday Blitz"]
[Site "Chess.com"]
[Date "2020.05.26"]
[Round "6"]
[White "swisspower96"]
[Black "bakki78"]
[Result "0-1"]
[WhiteElo "2595"]
[BlackElo "2758"]
[TimeControl "180+1"]
[EndTime "11:06:40 PDT"]
[Termination "bakki78 won by resignation"]

1. d4 Nf6 2. c4 g6 3. Nc3 Bg7 4. e4 d6 5. h3 O-O 6. Be3 c6 7.
g4 e5 8. d5 Na6 9. Nge2 h5 10. f3 cxd5 11. cxd5 Bd7 12. Bg5 Qa5 13. Qd2 Rac8 14. Ng3 Nh7 15. Rc1 Nxg5 16. Qxg5 Nb4 17. Kf2 h4 18. Qxh4 Nxa2 19. Nxa2 Qxa2 20. Be2 Qxb2 21.
Rb1 Qd4+ 22. Kg2 Rc2 23. Rxb7 Bc8 24. Rbb1 Ba6 25. Rbe1 Qe3 26. Rhf1 Bxe2 27. Rxe2 Rxe2+ 28. Nxe2 Qxe2+ 29. Rf2 Qc4 30. Qe7 Qc5 31. h4 Rc8 32. h5 Qc7 33. Qg5 Qd8 34. Qe3 gxh5 35. gxh5 Qh4 36.
Qxa7 Qg5+ 37. Kf1 Rc1+ 38. Ke2 Rc2+ 39. Kf1 Rc1+ 40. Ke2 Qg1 41. Qa8+ Kh7 42. Qa4 Qe1+ 0-1

[Event "*** Titled Tuesday Blitz"]
[Site "Chess.com"]
[Date "2020.05.26"]
[Round "6"]
[White "bascheyaro"]
[Black "woodhy"]
[Result "1-0"]
[WhiteElo "2698"]
[BlackElo "2429"]
[TimeControl "180+1"]
[EndTime "11:06:40 PDT"]
[Termination "bascheyaro won by checkmate"]

1. d4 e6 2. c4 Nf6 3. Nf3 b6 4.
g3 Bb7 5. Bg2 Be7 6. O-O O-O 7.
Qc2 Ne4 8. d5 f5 9. Nc3 Nxc3 10.
bxc3 Bf6 11. Rd1 Qc8 12. Nd4 Na6 13. e4 g6 14. exf5 exf5 15. Ba3 Re8 16. Nxf5 gxf5 17. Qxf5 Bxc3 18. Rac1 Bg7 19. Re1 d6 20. Qh5 Qd7 21. Be4 Rxe4 22. Rxe4 Qf7 23. Qxf7+ Kxf7 24. Rce1 Bf6 25.
Rf4 Kg7 26. Re6 Be5 27. Re7+ Kg6 28. Rg4+ Kf5 29. f3 Bf6 30. Rf7 h5 31. Rf4+ Kg6 32.
R4xf6+ Kg5 33. h4# 1-0

[Event "*** Titled Tuesday Blitz"]
[Site "Chess.com"]
[Date "2020.05.26"]
[Round "6"]
[White "anon569"]
[Black "Arjun2002"]
[Result "0-1"]
[WhiteElo "2289"]
[BlackElo "2665"]
[TimeControl "180+1"]
[EndTime "11:06:41 PDT"]
[Termination "Arjun2002 won on time"]

1. e4 c5 2. Nf3 Nc6 3. d4 cxd4 4. Nxd4 Nf6 5. Nc3 d6 6. Bg5 e6 7. Qd2 a6 8. O-O-O Be7 9. f4 Bd7 10. Nf3 b5 11. e5 b4 12. exf6 bxc3 13. Qxc3 gxf6 14.
Kb1 d5 15. Bh4 Rg8 16. f5 Nb4 17. fxe6 fxe6 18. Qe3 Rb8 19. a3 Nc6 20. Be2 Qa5 21.
Ka1 e5 22. Nd2 Nd4 23. Rc1 Bf5 24. Nb3 Rxb3 25. cxb3 Bxa3 0-1

[Event "*** Titled Tuesday Blitz"]
[Site "Chess.com"]
[Date "2020.05.26"]
[Round "6"]
[White "korbul"]
[Black "124chess"]
[Result "1-0"]
[WhiteElo "2602"]
[BlackElo "2758"]
[TimeControl "180+1"]
[EndTime "11:06:42 PDT"]
[Termination "korbul won by resignation"]

1. d4 g6 2. e4 Bg7 3. Nc3 d6 4. Bg5 a6 5. f4 b5 6. Be2 Bb7 7. Bf3 Nd7 8. e5 Qb8 9. Qe2 h6 10. Bh4 g5 11. Bg3 gxf4 12. Bxf4 dxe5 13. dxe5 e6 14. O-O-O Ne7 15. Nh3 Ng6 16. Bg3 Ndxe5 17. Bh5 O-O 18. Nf4 Kh7 19. Rhf1 Nxf4 20. Bxf4 Ng6 21. Bxg6+ Kxg6 22. Be5 Bxe5 23. Qxe5 c5 24. Rf6+ Kh7 25. Qh5 Kg8 26. Rd3 1-0

[Event "*** Titled Tuesday Blitz"]
[Site "Chess.com"]
[Date "2020.05.26"]
[Round "6"]
[White "ShahMatKanal"]
[Black "Mikhail_Biryukov"]
[Result "1-0"]
[WhiteElo "2474"]
[BlackElo "2629"]
[TimeControl "180+1"]
[EndTime "11:06:42 PDT"]
[Termination "ShahMatKanal won by resignation"]

1. d4 Nf6 2. c4 e6 3. a3 d5 4. cxd5 exd5 5. Nc3 c5 6. Nf3 Nc6 7. e3 Bg4 8. Be2 cxd4 9. Nxd4 Bxe2 10. Ndxe2 Bd6 11.
Ng3 O-O 12. O-O Bc7 13. Nb5 Be5 14. Rb1 a6 15. Nd4 Nxd4 16. exd4 Bxg3 17. fxg3 Ne4 18. Bf4 Qb6 19. h4 Rac8 20. Kh2 Rc4 21. Be5 f6 22. b3 Rcc8 23. Bf4 Nc3 24. Qh5 Nxb1 25. Qxd5+ Kh8 26. Rxb1 Rfd8 27. Qf7 Rc2 28. Re1 h6 29. Re8+ Kh7 30. h5 Rxe8 31. Qg6+ Kg8 32. Qxe8+ Kh7 33.
Qe4+ Kg8 34. Qxc2 Qxd4 35. Qc8+ Kh7 36. Qxb7 Qc5 37. Qe4+ Kg8 38. Qc4+ 1-0

[Event "*** Titled Tuesday Blitz"]
[Site "Chess.com"]
[Date "2020.05.26"]
[Round "6"]
[White "penguingm1"]
[Black "Quaternitychess"]
[Result "1-0"]
[WhiteElo "2881"]
[BlackElo "2804"]
[TimeControl "180+1"]
[EndTime "11:06:46 PDT"]
[Termination "penguingm1 won on time"]

1. d4 d5 2. Bf4 c5 3. e3 Nc6 4. Nf3 Bg4 5. Nbd2 e6 6. c3 cxd4 7. exd4 Bd6 8. Bxd6 Qxd6 9. Be2 Nf6 10. O-O O-O 11. Re1 Rab8 12. a4 a6 13. Ne5 Bxe2 14. Qxe2 Qc7 15. Nd3 Rfe8 16. h4 h5 17. Qf3 Ng4 18. g3 g6 19. Re2 e5 20. Rae1 e4 21. Qf4 Qd7 22. Nc5 Qf5 23. f3 Qxf4 24.
gxf4 e3 25. Nf1 Nf6 26. Nxe3 Kg7 27. Kf2 a5 28. Nd3 1-0

[Event "*** Titled Tuesday Blitz"]
[Site "Chess.com"]
[Date "2020.05.26"]
[Round "6"]
[White "SirMittensofMittensville"]
[Black "GOGIEFF"]
[Result "0-1"]
[WhiteElo "2615"]
[BlackElo "2891"]
[TimeControl "180+1"]
[EndTime "11:06:46 PDT"]
[Termination "GOGIEFF won by resignation"]

1. e4 c5 2. c3 d5 3. exd5 Qxd5 4.
d4 g6 5. Nf3 Bg7 6. Na3 cxd4 7.
Bc4 Qe4+ 8. Be3 Nh6 9. Nb5 Na6 10. Nbxd4 Ng4 11. Bb5+ Kf8 12. O-O Nxe3 13. fxe3 Qxe3+ 14. Kh1 Bf6 15. Qb3 Nc5 16. Qd5 Ne6 17. Rae1 Qh6 18. Ne5 Qg5 19. Ndf3 Qf4 20. Nxf7 Nc7 21. Qd8+ Kxf7 22.
Ne5+ Kg7 23. Qxc7 Qg5 24. Nf3 Qxb5 25. Rxe7+ Bxe7 26. Qxe7+ Kh6 27. Qe3+ g5 28. Rd1 Rg8 29. Rd6+ Rg6 30. Nd4 Qf1+ 0-1